[Event "Early-Titled-Tuesday-Blitz-February-20-2024"]
[Site "Chess.com"]
[Date "2024.02.20"]
[Round "9"]
[White "joshdaruca"]
[Black "rhungaski"]
[Result "1-0"]
[WhiteElo "2765"]
[BlackElo "2581"]
[TimeControl "180+1"]
[EndTime "9:47:22 PST"]
[Termination "joshdaruca won by resignation"]

1. b3 d5 2. Bb2 c5 3. e3 Nc6 4. Bb5 Bd7 5. c4 d4 6. exd4 Nxd4 7. Bxd4 cxd4 8. Bxd7+ Qxd7 9. Nf3 g6 10. O-O Bg7 11.
d3 Nf6 12. Nbd2 O-O 13. b4 b5 14. a4 bxc4 15. Nxc4 Nd5 16. b5 Nc3 17. Qb3 Ne2+ 18.
Kh1 Nf4 19. Qd1 Qf5 20. Ne1 Rac8 21. Rc1 Rc5 22. g3 Nd5 23. Qf3 Qg5 24. Ng2 Rfc8 25. h4 Qh6 26. Rce1 Bf6 27. Ra1 Nb4 28. Nf4 g5 29.
Nh5 gxh4 30. Nxf6+ exf6 31. Kg2 hxg3 32. Rh1 Qg6 33.
Nd6 gxf2+ 34. Kxf2 Rc2+ 35. Kf1 Rc1+ 36. Rxc1 Rxc1+ 37.
Kf2 Nxd3+ 38. Ke2 Rxh1 39. Qa8+ Kg7 40. Ne8+ Kh6 41. Qxh1+ Qh5+ 42. Qxh5+ Kxh5 43. Kxd3 Kg5 44. a5 h5 45. b6 axb6 46. axb6 h4 47. b7 h3 48.
b8=Q 1-0

[Event "Early-Titled-Tuesday-Blitz-February-20-2024"]
[Site "Chess.com"]
[Date "2024.02.20"]
[Round "9"]
[White "Nemegejas"]
[Black "KuzubovYuriy"]
[Result "0-1"]
[WhiteElo "2810"]
[BlackElo "2961"]
[TimeControl "180+1"]
[EndTime "9:47:23 PST"]
[Termination "KuzubovYuriy won on time"]

1. d4 g6 2. Nf3 Bg7 3. e4 d6 4. Bd3 Nc6 5. c3 e5 6. O-O Nf6 7. h3 O-O 8. Be3 exd4 9. cxd4 Nb4 10. Nc3 Nxd3 11. Qxd3 Re8 12. Bg5 h6 13. Bh4 g5 14.
Nxg5 hxg5 15. Bxg5 Qd7 16. Rae1 Nh7 17. Bh4 c6 18. g4 b5 19. f4 b4 20. Ne2 a5 21. f5 Ba6 22. Qe3 c5 23. f6 cxd4 24. Qxd4 Bh6 25. Rf5 Qa7 26. Bf2 Qxd4 27. Nxd4 Ng5 28.
Be3 Rxe4 29. Kg2 Bb7 30. Kg3 Ne6 31. Bxh6 Rxe1 32. Nxe6 Rxe6 33. Bg7 Re5 34. Rf4 Rae8 35. Rd4 Re3+ 36. Kh4 Bg2 37. Rxd6 Kh7 38. Kg5 R8e5+ 39.
Kf4 R5e4+ 40. Kg5 Rxh3 41. Rd8 Re5+ 42. Kf4 Rd5 43. Rh8+ Kg6 0-1

[Event "Early-Titled-Tuesday-Blitz-February-20-2024"]
[Site "Chess.com"]
[Date "2024.02.20"]
[Round "9"]
[White "Casablanca"]
[Black "angelgab3"]
[Result "0-1"]
[WhiteElo "2619"]
[BlackElo "2769"]
[TimeControl "180+1"]
[EndTime "9:47:24 PST"]
[Termination "angelgab3 won by checkmate"]

1. Nf3 d5 2. d4 Nf6 3. c4 e6 4. Nc3 dxc4 5. e3 a6 6. a4 c5 7. Bxc4 Nc6 8. O-O Be7 9. dxc5 Qa5 10. Qe2 O-O 11. Bd2 Qxc5 12. Rac1 Qh5 13. Rfd1 e5 14. Nd5 e4 15. Nxe7+ Nxe7 16. Nd4 Bg4 17. f3 exf3 18. gxf3 Bh3 19. Bb4 Rfe8 20. Bxe7 Rxe7 21. Qf2 Rae8 22. e4 Re5 23. Bf1 Rg5+ 24. Kh1 Bd7 25. Ne2 Bxa4 26. Nf4 Qh6 27. Rd6 Nxe4 28. fxe4 Qxd6 29. Bc4 h6 30. Nh3 Re7 31. Nxg5 hxg5 32. Bd5 Bc6 33. Qf5 g6 34. Qxg5 Re5 35. Qh6 Rxd5 36. Kg2 Rd2+ 37. Kf3 Rxh2 38.
Qg5 Rh3+ 39. Ke2 Bb5+ 40. Kf2 Qh2+ 41. Ke1 Qh1+ 42. Kd2 Qxe4 43. Rc8+ Kg7 44. Qg1 Rd3+ 45. Kc1 Qe3+ 46. Qxe3 Rxe3 47. Rc7 Bc6 48. Kd2 Re6 49. Rc8 g5 50. Rb8 g4 51. Rd8 g3 52. Rd4 Rg6 53.
Rg4 g2 54. Rxg2 Rxg2+ 55. Kc3 Rg4 56. Kb3 Re4 57. Ka3 b5 58. b4 Kf6 59. Kb2 Ke6 60.
Kc2 Kd5 61. Kd2 f5 62. Kd3 f4 63. Kd2 f3 64. Kd3 f2 65. Kd2 f1=Q 66. Kc3 Qc4+ 67. Kb2 Re2+ 68. Ka1 Qa2# 0-1

[Event "Early-Titled-Tuesday-Blitz-February-20-2024"]
[Site "Chess.com"]
[Date "2024.02.20"]
[Round "9"]
[White "FARIZA2018"]
[Black "Kirill_Klukin"]
[Result "0-1"]
[WhiteElo "2598"]
[BlackElo "2848"]
[TimeControl "180+1"]
[EndTime "9:47:25 PST"]
[Termination "Kirill_Klukin won on time"]

1. e4 c5 2. Nf3 Nc6 3. d4 cxd4 4.
Nxd4 e5 5. Nb5 d6 6. c4 Be7 7.
Be2 Be6 8. O-O Nf6 9. N1c3 a6 10. Na3 O-O 11. Be3 Rc8 12. Rc1 Nd7 13. Nd5 Bg5 14. Nc2 Bxe3 15. Ncxe3 Nd4 16. Bd3 Nc5 17. Nc2 Bxd5 18.
cxd5 Nxc2 19. Rxc2 Qb6 20. Qe2 Rc7 21. Rfc1 Rfc8 22.
g3 g6 23. Kg2 Kg7 24. Qe3 a5 25. a3 Qb3 26. Rd2 Nxd3 27. Rxc7 Ne1+ 28. Qxe1 Rxc7 29.
Qe2 a4 30. Rd3 Qc4 31. Re3 Qc1 32. Qb5 Qd1 33. Qf1 Qd4 34. Qb5 Rc2 35. Re2 Rc1 36. Re3 Qd1 37. h4 h5 0-1

[Event "Early-Titled-Tuesday-Blitz-February-20-2024"]
[Site "Chess.com"]
[Date "2024.02.20"]
[Round "9"]
[White "C_K_G"]
[Black "TioCridineno"]
[Result "0-1"]
[WhiteElo "2171"]
[BlackElo "2393"]
[TimeControl "180+1"]
[EndTime "9:47:25 PST"]
[Termination "TioCridineno won by resignation"]

1. e4 c5 2. Nf3 Nc6 3. d4 cxd4 4. Nxd4 Nf6 5. Nc3 e5 6. Ndb5 d6 7. Bg5 a6 8. Na3 b5 9. Nd5 Be7 10. Bxf6 Bxf6 11. c3 O-O 12. Nc2 Bg5 13. Bd3 Ne7 14. Nce3 Bxe3 15. Nxe3 Be6 16. O-O d5 17. exd5 Nxd5 18.
Nxd5 Qxd5 19. Qe2 Rad8 20. Be4 Qc5 21. Rfd1 f5 22. Bc2 a5 23. h3 g6 24. Rxd8 Rxd8 25. Rd1 Rxd1+ 26. Qxd1 Qd5 27. Qe2 Qc5 28. Qd3 Kf7 29. Qd8 a4 30. Qh8 h5 31. Qh7+ Kf6 32. g4 hxg4 33. hxg4 e4 34. Qh8+ Kg5 35. gxf5 Bxf5 36.
Kg2 a3 37. b3 e3 38. Qd8+ Kh6 39. Bxf5 gxf5 40. Qf6+ Kh5 41. fxe3 Qd5+ 42. Kg3 Qe4 43. Qd4 Qb1 44. Qh8+ Kg6 45. Qg8+ Kf6 46. Qf8+ Ke6 47. Qxa3 Qg1+ 48. Kf3 Qg4+ 49. Kf2 Qh4+ 50. Ke2 Qh2+ 51. Kd3 Qf2 52. Qa6+ Kf7 53. Qxb5 Qf1+ 54. Kd4 Qxb5 55. c4 Qa5 56. a4 Ke6 57. c5 Qb4+ 58. Kd3 Qxc5 0-1

[Event "Early-Titled-Tuesday-Blitz-February-20-2024"]
[Site "Chess.com"]
[Date "2024.02.20"]
[Round "9"]
[White "jaskol95"]
[Black "Rud_2008"]
[Result "1-0"]
[WhiteElo "2601"]
[BlackElo "2719"]
[TimeControl "180+1"]
[EndTime "9:47:26 PST"]
[Termination "jaskol95 won by resignation"]

1. d4 Nf6 2. Nc3 d5 3. Bf4 e6 4. Nb5 Na6 5. e3 c6 6. Nc3 Qb6 7. Rb1 Bd7 8. Nf3 Be7 9. a3 O-O 10. Bd3 c5 11. O-O Rac8 12. Ne5 Be8 13. Re1 Nb8 14.
Na2 Nc6 15. c3 Nxe5 16. Bxe5 Nd7 17. Bg3 Bd6 18. Bxd6 Qxd6 19. Nc1 e5 20. Ne2 e4 21. Bc2 c4 22. Nf4 Nf6 23. f3 Bd7 24. fxe4 dxe4 25. Rf1 Rfe8 26. Qe1 Nd5 27. Qg3 Nxf4 28. Rxf4 f5 29.
h4 Qg6 30. Qxg6 hxg6 31. g4 fxg4 32. Rxe4 Bf5 33. Rxe8+ Rxe8 34. Bxf5 gxf5 35. Kf2 Kf7 36. b3 Rc8 37. bxc4 Rxc4 38. Rxb7+ Kg6 39. Rb3 a5 40. Ke2 a4 41. Rb6+ Kh5 42. Kd3 Rc7 43. c4 Kxh4 44. c5 Kh3 45. Rb1 g3 46. Kc4 g5 47. d5 f4 48. exf4 gxf4 49. d6 Rf7 50. c6 f3 51.
c7 Rf8 52. d7 Rf5 53. c8=Q f2 54. d8=Q Kg4 55. Qxf5+ Kxf5 56. Qd5+ Kf4 57. Qd4+ Kf3 58.
Kd3 g2 59. Qe3+ Kg4 60. Qxf2 Kg5 61. Qxg2+ Kf5 62. Qe4+ 1-0

[Event "Early-Titled-Tuesday-Blitz-February-20-2024"]
[Site "Chess.com"]
[Date "2024.02.20"]
[Round "9"]
[White "bescmelasti"]
[Black "mbchess97"]
[Result "1-0"]
[WhiteElo "2659"]
[BlackElo "2474"]
[TimeControl "180+1"]
[EndTime "9:47:26 PST"]
[Termination "bescmelasti won by resignation"]

1. e4 c5 2. Nf3 d6 3. d4 cxd4 4. Nxd4 Nf6 5. Nc3 Nc6 6. f3 e5 7.
Nb3 Be6 8. Be3 d5 9. exd5 Nxd5 10. Nxd5 Qxd5 11. Qxd5 Bxd5 12. O-O-O O-O-O 13. Bb5 a6 14. Bd3 g6 15. Bb6 Rd7 16. Nc5 Bxc5 17. Bxc5 Re8 18. Rhe1 f5 19. Bf1 e4 20. c4 Bf7 21. Rxd7 Kxd7 22. f4 Nd8 23. Be3 Kc6 24. Kc2 Ne6 25.
Rd1 Rd8 26. Rxd8 Nxd8 27. Kc3 Ne6 28. a4 Nc5 29. Bxc5 Kxc5 30. b4+ Kc6 31. a5 b6 32. axb6 Kxb6 33. Kd4 Kc6 34. c5 a5 35. bxa5 e3 36. a6 Be6 37. Be2 Bc8 38. Bf3+ Kc7 39. a7 Bb7 40. Kxe3 Bxf3 41. Kxf3 Kb7 42. Ke3 Kxa7 43.
Kd4 Kb7 44. Kd5 Kc7 45. Ke6 Kc6 46. Kf7 Kxc5 47. Kg7 Kd4 48. Kxh7 Ke4 49. g3 Kf3 50. Kxg6 Kg2 51. Kxf5 Kxh2 52. g4 1-0

[Event "Early-Titled-Tuesday-Blitz-February-20-2024"]
[Site "Chess.com"]
[Date "2024.02.20"]
[Round "9"]
[White "KetiTsatsalashvili"]
[Black "Lady_Nika"]
[Result "1-0"]
[WhiteElo "2462"]
[BlackElo "2554"]
[TimeControl "180+1"]
[EndTime "9:47:26 PST"]
[Termination "KetiTsatsalashvili won by checkmate"]

1. d4 d5 2. Nf3 e6 3. c4 f5 4. cxd5 exd5 5. Nc3 Nf6 6. Bg5 Be7 7. e3 c6 8. Bd3 Ne4 9. Bxe7 Qxe7 10. O-O Nd7 11.
Nd2 O-O 12. Qe2 Re8 13. Rae1 Qb4 14. Ndb1 Ndf6 15. f3 Nd6 16. a3 Qb3 17. Qd2 Nc4 18.
Bxc4 Qxc4 19. Qc2 Bd7 20. Nd2 Qa6 21. e4 Qb6 22. Nb3 fxe4 23. fxe4 dxe4 24. Nc5 Bg4 25. Rxf6 gxf6 26. N3xe4 Kg7 27. Qf2 f5 28. Nd6 Rf8 29. Qg3 Qxb2 30. Qe5+ Rf6 31. Ne6+ Kg6 32. Nf4+ Kg5 33. h4+ Kxh4 34. Qxf6+ Kg3 35. Ne2+ Bxe2 36.
Qg5+ Bg4 37. Re3# 1-0

[Event "Early-Titled-Tuesday-Blitz-February-20-2024"]
[Site "Chess.com"]
[Date "2024.02.20"]
[Round "9"]
[White "brm72"]
[Black "rcmz"]
[Result "1-0"]
[WhiteElo "2577"]
[BlackElo "2186"]
[TimeControl "180+1"]
[EndTime "9:47:27 PST"]
[Termination "brm72 won on time"]

1. d4 d6 2. e4 Nd7 3. Nf3 h6 4. Nc3 c6 5. Be3 Qc7 6. Qd2 g5 7. h3 Bg7 8. a4 a5 9. Bc4 Nf8 10.
g4 Ng6 11. O-O-O Bd7 12. Rdg1 Rb8 13. h4 gxh4 14. Nxh4 b5 15. axb5 cxb5 16. Ba2 e6 17. Nxg6 fxg6 18. f4 b4 19. Nd1 b3 20. Bb1 a4 21. f5 a3 22. bxa3 Qa7 23. c3 Qxa3+ 24. Qb2 Qa6 25. Nf2 g5 26. Bd3 Qa2 27. Bb1 Qa5 28.
Kd2 Ne7 29. Bd3 Nc6 30. Ra1 Qb6 31. d5 Bd4 32. Bxd4 Nxd4 33. cxd4 exd5 34. exd5 Bb5 35. Rhe1+ Kf7 36. Bxb5 Qxb5 37. Ra7+ Rb7 38. Rxb7+ Qxb7 39. Nd3 Rc8 40. Rc1 1-0

[Event "Early-Titled-Tuesday-Blitz-February-20-2024"]
[Site "Chess.com"]
[Date "2024.02.20"]
[Round "9"]
[White "Bigfish1995"]
[Black "Njal28"]
[Result "1-0"]
[WhiteElo "3181"]
[BlackElo "2992"]
[TimeControl "180+1"]
[EndTime "9:47:28 PST"]
[Termination "Bigfish1995 won by resignation"]

1. e4 e5 2. Nf3 Nc6 3. Bb5 a6 4. Ba4 d6 5. c3 Bd7 6. O-O Nge7 7.
d4 Ng6 8. Bc2 Be7 9. a4 O-O 10.
d5 Nb8 11. a5 Qc8 12. c4 f5 13.
exf5 Bxf5 14. Ra3 Nd7 15. Bxf5 Rxf5 16. Nc3 Qf8 17. Ne4 h6 18. Be3 Nf4 19. Bxf4 Rxf4 20. Nfd2 Qf7 21. Qe2 Rf8 22. Rb3 b6 23. Ra3 Nc5 24.
axb6 cxb6 25. g3 Qg6 26. Nxc5 bxc5 27. Rxa6 Rd4 28. Nb3 Re4 29. Qc2 Qg4 30. Nd2 Re2 31. Qd1 e4 32. h3 Qh5 33. g4 Qxh3 34. Qxe2 Rf4 35. f3 exf3 36. Qe6+ Kh7 37. Rxf3 Rxg4+ 38. Kf2 Qh2+ 39. Ke1 Rg1+ 40. Nf1 Bh4+ 41. Kd1 Qh1 42.
Qf5+ Rg6 43. Rxd6 Bf6 44. Rxf6 gxf6 45. Rg3 1-0

[Event "Early-Titled-Tuesday-Blitz-February-20-2024"]
[Site "Chess.com"]
[Date "2024.02.20"]
[Round "9"]
[White "LionTheLeon_06"]
[Black "vi_pranav"]
[Result "1-0"]
[WhiteElo "2895"]
[BlackElo "3022"]
[TimeControl "180+1"]
[EndTime "9:47:28 PST"]
[Termination "LionTheLeon_06 won by resignation"]

1. c4 e5 2. e3 Nf6 3. Nc3 Nc6 4. a3 g6 5. b4 Bg7 6. Bb2 O-O 7. d3 d6 8. Nf3 a5 9. b5 Ne7 10. Be2 Nd7 11.
O-O f5 12. a4 h6 13. d4 e4 14. Nd2 Nf6 15. Qc2 h5 16. Rac1 Be6 17. Nb3 Bf7 18. Ba3 Bh6 19. d5 Nd7 20. Nd4 Ne5 21. Rcd1 Qd7 22. c5 Nxd5 23. Nxd5 Bxd5 24. cxd6 c6 25. bxc6 bxc6 26. Nb5 f4 27. exf4 Rxf4 28. Bc1 Raf8 29. Bxf4 Bxf4 30. Nc3 Qxd6 31. Nxd5 cxd5 32. g3 Qe6 33. gxf4 Rxf4 34. Kh1 Qh3 35. Qc7 Rf5 36. Rxd5 Ng4 37. Rd8+ Rf8 38. Bc4+ 1-0

[Event "Early-Titled-Tuesday-Blitz-February-20-2024"]
[Site "Chess.com"]
[Date "2024.02.20"]
[Round "9"]
[White "Kapitan_Bayan"]
[Black "tarno17"]
[Result "0-1"]
[WhiteElo "2326"]
[BlackElo "2147"]
[TimeControl "180+1"]
[EndTime "9:47:28 PST"]
[Termination "tarno17 won by checkmate"]

1. e4 c5 2. Nf3 e6 3. d4 cxd4 4.
Nxd4 a6 5. Nc3 Qc7 6. Bd3 Nf6 7.
Qe2 d6 8. f4 Be7 9. e5 Nfd7 10.
Nf3 Nc6 11. O-O d5 12. f5 Ndxe5 13. Nxe5 Qxe5 14. Bf4 Qxe2 15. Nxe2 e5 16. Bg3 e4 17.
Rae1 exd3 18. Nc3 O-O 19. Nxd5 Bc5+ 20. Kh1 dxc2 21. f6 g6 22. a3 Bd4 23. Bd6 Bf5 24.
Bxf8 Rxf8 25. b4 Bb2 26. Ne3 c1=Q 27. Rxc1 Bxc1 28. Nxf5 gxf5 29. Rxc1 Re8 30. g4 fxg4 31. Rg1 h5 32. h3 Re4 33. hxg4 Rxg4 34. Rd1 Kh7 35.
Rd7 Kg6 36. Rxb7 a5 37. b5 Ne5 38. b6 Nf3 39. Rxf7 Rg1# 0-1

[Event "Early-Titled-Tuesday-Blitz-February-20-2024"]
[Site "Chess.com"]
[Date "2024.02.20"]
[Round "9"]
[White "MatthewG-p4p"]
[Black "Korchmar_Vasiliy"]
[Result "1-0"]
[WhiteElo "2895"]
[BlackElo "2764"]
[TimeControl "180+1"]
[EndTime "9:47:30 PST"]
[Termination "MatthewG-p4p won by resignation"]

1. e4 c5 2. Nc3 d6 3. f4 Nc6 4. Nf3 e6 5. Bb5 Bd7 6. O-O Nf6 7. d3 Be7 8. a4 O-O 9. Bxc6 Bxc6 10. Qe1 Nd7 11. Be3 d5 12. Bf2 d4 13. Ne2 f5 14. Nd2 e5 15. Bg3 fxe4 16. dxe4 exf4 17. Nxf4 Bg5 18. Nc4 Qe7 19. Nd5 Rxf1+ 20. Kxf1 Qf7+ 21.
Kg1 Bxd5 22. exd5 Re8 23. Qf1 Qxd5 24. Qd3 Nf6 25. Rf1 Be3+ 26. Kh1 Re6 27. Rf5 Qc6 28. b3 b6 29. Ne5 Qe8 30. Qc4 Kh8 31. h3 h6 32. Qd3 Kg8 33. Kh2 Nh5 34. Qc4 Kh8 35. Qd5 Nxg3 36. Kxg3 Rg6+ 37. Nxg6+ Qxg6+ 38. Kf3 Kh7 39.
Qe4 h5 40. Rxh5+ Bh6 41. Qxg6+ Kxg6 42. Rd5 1-0

[Event "Early-Titled-Tuesday-Blitz-February-20-2024"]
[Site "Chess.com"]
[Date "2024.02.20"]
[Round "9"]
[White "GoltsevDmitry2000"]
[Black "Kumi29"]
[Result "1-0"]
[WhiteElo "2778"]
[BlackElo "2621"]
[TimeControl "180+1"]
[EndTime "9:47:30 PST"]
[Termination "GoltsevDmitry2000 won on time"]

1. e4 d5 2. exd5 Qxd5 3. Nf3 Nf6 4. Nc3 Qd8 5. d4 g6 6. Bc4 Bg7 7. Ne5 O-O 8. Be3 Nbd7 9. Nxd7 Bxd7 10. h3 a6 11. a3 b5 12. Bb3 e6 13. Qf3 Qe8 14. O-O-O Bc6 15. Qg3 Qb8 16. h4 h5 17. f3 a5 18. d5 exd5 19. Nxd5 a4 20. Ne7+ Kh7 21. Nxc6 Qb7 22. Bxf7 Rxf7 23. Nd8 Rxd8 24. Rxd8 b4 25. axb4 Nd5 26. Bc5 Nxb4 27. Bd4 Qc6 28. c3 a3 29. Bxg7 a2 30. Kd2 Kxg7 31. Qe5+ Rf6 32. Qe7+ Rf7 33.
Qe5+ Rf6 34. cxb4 Qc4 35. Qd4 Qb3 36. Rd7+ Kh6 37. Qxf6 Qxb4+ 38. Qc3 Qf4+ 39. Qe3 1-0

[Event "Early-Titled-Tuesday-Blitz-February-20-2024"]
[Site "Chess.com"]
[Date "2024.02.20"]
[Round "9"]
[White "sokidze"]
[Black "Orest_Vovk"]
[Result "1-0"]
[WhiteElo "2793"]
[BlackElo "2662"]
[TimeControl "180+1"]
[EndTime "9:47:31 PST"]
[Termination "sokidze won by resignation"]

1. d4 h6 2. e4 g5 3. Nc3 Bg7 4. Nge2 c5 5. dxc5 Qa5 6. Be3 Nf6 7. Qd2 Ng4 8. Bd4 Bxd4 9. Qxd4 f6 10. b4 Qd8 11. Ng3 Nc6 12. Qd1 d6 13. Be2 Nge5 14.
Bh5+ Kf8 15. cxd6 Nxb4 16. dxe7+ Kxe7 17. O-O Qxd1 18. Rfxd1 Be6 19. Rab1 a5 20. a3 Rhc8 21. Na4 Nxc2 22. Nb6 Nxa3 23. Nxc8+ Bxc8 24. Rb6 Nec4 25. Nf5+ Bxf5 26. Rxb7+ Ke6 27. Bf7+ Ke5 28. exf5 Kxf5 29. Rb3 g4 30. Rc3 Rc8 31. g3 Ke5 32. Ra1 Rc7 33.
Raxa3 Rxf7 34. Rxc4 Rd7 35. Rxa5+ Ke6 36. Rxg4 Rd1+ 37. Kg2 h5 38. Rf4 Kf7 39. Rxh5 Kg6 40. Rhf5 1-0

[Event "Early-Titled-Tuesday-Blitz-February-20-2024"]
[Site "Chess.com"]
[Date "2024.02.20"]
[Round "9"]
[White "Yan_Dyomin2010"]
[Black "ketster"]
[Result "0-1"]
[WhiteElo "2719"]
[BlackElo "2600"]
[TimeControl "180+1"]
[EndTime "9:47:31 PST"]
[Termination "ketster won by resignation"]

1. e4 c5 2. Nf3 Nf6 3. e5 Nd5 4.
Nc3 e6 5. Nxd5 exd5 6. d4 Nc6 7. dxc5 Bxc5 8. Qxd5 Qb6 9. Bc4 Bxf2+ 10. Ke2 O-O 11. Rf1 Bc5 12. Kd1 d6 13. Ng5 Bg4+ 14. Ke1 Nxe5 15. Nxf7 Qb4+ 16. c3 Qxc4 17. Nh6+ Kh8 18. Qxc4 Nxc4 19. Rxf8+ Rxf8 20. Nxg4 h5 21. b3 hxg4 22.
bxc4 Rf2 23. g3 Rxh2 24. a4 Bf2+ 25. Kf1 Bxg3 26. Kg1 Rc2 27. Be3 Rxc3 28. Bxa7 Rxc4 29. a5 Bf4 30. Rb1 Rc1+ 31. Rxc1 Bxc1 32. Kf2 Bd2 33. Kg3 Bxa5 34. Kxg4 Bb4 35. Kf5 Bc5 36. Bb8 b5 37. Ke4 Kh7 38. Bc7 Kg6 39. Bd8 Kf7 40. Kd5 b4 41.
Bg5 Kg6 42. Bc1 Kf5 43. Kc4 g5 0-1

[Event "Early-Titled-Tuesday-Blitz-February-20-2024"]
[Site "Chess.com"]
[Date "2024.02.20"]
[Round "9"]
[White "annamaja"]
[Black "mary-sanna"]
[Result "1-0"]
[WhiteElo "2395"]
[BlackElo "2165"]
[TimeControl "180+1"]
[EndTime "9:47:31 PST"]
[Termination "annamaja won by resignation"]

1. e4 c5 2. Nf3 Nc6 3. Bb5 g6 4.
Bxc6 bxc6 5. O-O Bg7 6. Re1 Qc7 7. Nc3 d6 8. d3 Nf6 9. e5 Nd5 10. exd6 Qxd6 11. Ne4 Qc7 12. Nxc5 O-O 13. d4 Bg4 14. c3 Rfe8 15. Nd3 Rab8 16. h3 Bxf3 17. Qxf3 a5 18.
a4 Qb6 19. Bg5 e6 20. Bh4 Qb3 21. Bg3 Rb6 22. Ra3 Qc4 23. Be5 Qa6 24. Bxg7 Kxg7 25.
Ne5 Qb7 26. Nc4 Ra6 27. Nd6 Qb8 28. Nxe8+ Qxe8 29. Rb3 c5 30. dxc5 Qxa4 31. Rb7 Nf6 32. Rb6 Ra7 33. Qd3 Rd7 34. Qb5 Qxb5 35. Rxb5 Nd5 36.
Rxa5 Rb7 37. Re2 Kf6 38. Ra6 Rc7 39. Rd2 Rxc5 40. b4 Rxc3 41. Rxd5 Rc1+ 42. Kh2 Rb1 43. Rb5 h5 44. Rb7 h4 45. f4 Rb2 46. Raa7 g5 47. Rxf7+ Kg6 48. Rg7+ Kf5 49. Rxg5+ Ke4 50.
b5 Kxf4 51. Rg4+ Ke3 52. Ra3+ Kf2 53. Rf3+ Ke1 54. Re4+ Kd1 55. Rf1+ Kd2 56. Rf2+ Kd3 57. Rxb2 Kxe4 58. b6 1-0

[Event "Early-Titled-Tuesday-Blitz-February-20-2024"]
[Site "Chess.com"]
[Date "2024.02.20"]
[Round "9"]
[White "GrotBchess"]
[Black "MaestroCheck"]
[Result "0-1"]
[WhiteElo "2363"]
[BlackElo "2539"]
[TimeControl "180+1"]
[EndTime "9:47:32 PST"]
[Termination "MaestroCheck won by checkmate"]

1. e4 c5 2. Nf3 e6 3. d4 cxd4 4. Nxd4 Nf6 5. Nc3 Nc6 6. Ndb5 Bc5 7. Nd6+ Ke7 8. Bf4 e5 9. Nf5+ Kf8 10. Bg5 d6 11. Ne3 Be6 12. Be2 h6 13. Bxf6 Qxf6 14.
O-O g6 15. Ned5 Qd8 16. Bc4 Kg7 17. Ne2 Rb8 18. c3 b5 19. Bb3 a5 20. Ne3 Qg5 21. Ng3 h5 22. Bd5 h4 23. Ne2 Bh3 24. Kh1 Bd7 25.
Qd3 Ne7 26. f4 exf4 27. Rxf4 f6 28. Raf1 Rbf8 29. Nd4 b4 30. Ne6+ Bxe6 31. Bxe6 Qe5 32. Nc4 Qxe6 33. cxb4 axb4 34. a4 g5 35. R4f3 Ng6 36.
Rf5 Ne5 37. Nxe5 dxe5 38. Qb5 Be7 39. a5 h3 40. g3 Rb8 41. Qd3 Rbd8 42. Qf3 Ra8 43.
Qg4 Ra6 44. Kg1 Bc5+ 45. Kh1 Be7 46. Kg1 Rh6 47. Kh1 Rxa5 48. Qe2 Ra8 49. Qb5 Rd8 50. Qb7 Rd7 51. Qc8 Rd6 52. Qe8 Rh8 53. Qb5 Rd4 54.
Qb7 Rhd8 55. Rxf6 Qxf6 56. Rxf6 Rd1+ 57. Rf1 Rxf1# 0-1

[Event "Early-Titled-Tuesday-Blitz-February-20-2024"]
[Site "Chess.com"]
[Date "2024.02.20"]
[Round "9"]
[White "CristianS27"]
[Black "NikitaShnadrygin"]
[Result "1-0"]
[WhiteElo "2565"]
[BlackElo "2685"]
[TimeControl "180+1"]
[EndTime "9:47:34 PST"]
[Termination "CristianS27 won on time"]

1. e4 c5 2. Nf3 e6 3. d4 cxd4 4. Nxd4 Nf6 5. Nc3 Nc6 6. Ndb5 Bb4 7. a3 Bxc3+ 8. Nxc3 d5 9. exd5 exd5 10. Bd3 O-O 11. O-O Bg4 12. f3 Bh5 13. Bg5 Qb6+ 14. Kh1 Ne4 15. Nxe4 dxe4 16. Bxe4 Qxb2 17. Rb1 Qxa3 18. Rxb7 Qa6 19. Rc7 Rac8 20. Rxc8 Rxc8 21. Qa1 Qb5 22. Be3 Bg6 23. Rb1 Qc4 24. Bxc6 Qxc6 25. Qxa7 Bxc2 26. Rc1 h6 27. Qd4 Qe6 28. h4 Rc4 29. Qd8+ Kh7 30.
Bf2 Qe2 31. Kg1 Rc6 32. Qd4 Qc4 33. Qe5 f6 34. Qe3 Qb5 35. Qd4 Bg6 36. Re1 Rc7 37. Qd6 Rd7 38. Qf4 Qb6 39. Bxb6 1-0

[Event "Early-Titled-Tuesday-Blitz-February-20-2024"]
[Site "Chess.com"]
[Date "2024.02.20"]
[Round "9"]
[White "hansen"]
[Black "Abund"]
[Result "1-0"]
[WhiteElo "2914"]
[BlackElo "2786"]
[TimeControl "180+1"]
[EndTime "9:47:35 PST"]
[Termination "hansen won by resignation"]

1. e4 c6 2. Nf3 d5 3. d3 Qc7 4. Nc3 dxe4 5. Nxe4 Nf6 6. Qe2 Nxe4 7. Qxe4 Nd7 8. g3 Nf6 9. Qe2 Bg4 10. h3 Bf5 11.
Bg2 h6 12. Bf4 Qa5+ 13. Bd2 Qb6 14. O-O-O e6 15. Ne5 Be7 16. g4 Bh7 17. h4 Nd5 18. g5 Bf5 19. gxh6 gxh6 20. Bh3 Bxh3 21. Rxh3 Bf6 22.
Rf3 Qd4 23. Nc4 O-O-O 24. Qe4 Rd7 25. c3 Qc5 26. h5 Qe7 27. Ne5 Rdd8 28. Kc2 Qc7 29.
Re1 Bxe5 30. Qxe5 Qxe5 31. Rxe5 Rdf8 32. c4 Ne7 33. Bc3 Rhg8 34. Bb4 Kd7 35. Rf6 Rh8 36.
f4 Ke8 37. f5 Ng8 38. Rexe6+ Kd7 39. Bxf8 fxe6 40. fxe6+ Ke8 41. Rf7 Rh7 42. Rxh7 Kxf8 43. Rxb7 Nf6 44. Rf7+ 1-0

[Event "Early-Titled-Tuesday-Blitz-February-20-2024"]
[Site "Chess.com"]
[Date "2024.02.20"]
[Round "9"]
[White "azikom"]
[Black "alpope"]
[Result "0-1"]
[WhiteElo "2655"]
[BlackElo "2532"]
[TimeControl "180+1"]
[EndTime "9:47:35 PST"]
[Termination "alpope won on time"]

1. d4 d5 2. Nf3 e6 3. Bf4 Nf6 4. e3 Bd6 5. Bg3 O-O 6. c4 b6 7. Nc3 Qe7 8. Rc1 Rd8 9. a3 Ba6 10. Qa4 Bxg3 11. hxg3 c6 12. Ne5 dxc4 13. Nxc6 Nxc6 14.
Qxa6 e5 15. d5 Nxd5 16. Nxd5 Rxd5 17. Bxc4 Ra5 18. Bxf7+ Qxf7 19. Qd3 Ne7 20. Qxh7+ Kf8 21. Qe4 Rd8 22. Rh8+ Ng8 23. g4 Rad5 24. Rc2 b5 25.
Ke2 a6 26. g5 g6 27. Rh3 Kg7 28. Rf3 Qd7 29. g4 Rd2+ 30. Rxd2 Qxd2+ 31. Kf1 Qd3+ 32. Qxd3 Rxd3 33. Kg2 Rb3 34. e4 Rxf3 35. Kxf3 Ne7 36.
Ke3 Kf7 37. f4 exf4+ 38. Kxf4 Ke6 39. e5 Nc6 40. Ke4 Nxe5 0-1

[Event "Early-Titled-Tuesday-Blitz-February-20-2024"]
[Site "Chess.com"]
[Date "2024.02.20"]
[Round "9"]
[White "PavelShkapenko"]
[Black "CarlosjPineror"]
[Result "1/2-1/2"]
[WhiteElo "2722"]
[BlackElo "2582"]
[TimeControl "180+1"]
[EndTime "9:47:36 PST"]
[Termination "Game drawn by repetition"]

1. e4 c5 2. c3 e6 3. d4 Nf6 4. e5 Nd5 5. dxc5 Bxc5 6. Qg4 Bf8 7.
Nf3 Nc6 8. Qg3 d6 9. Bb5 Qb6 10.
Bxc6+ Qxc6 11. O-O dxe5 12. Nxe5 Qc7 13. Nd2 f6 14.
Nef3 Qxg3 15. hxg3 Bd7 16. Ne4 e5 17. c4 Nb4 18.
Bd2 Bc6 19. Nc3 O-O-O 20. Rfd1 Bc5 21. Ne1 Nd3 22. Nxd3 Rxd3 23. Kf1 Rhd8 24. Be1 Bb4 25. Rxd3 Rxd3 26. f3 h6 27. Ke2 Rd8 28. Bf2 Bxc3 29. bxc3 b6 30. Rd1 Re8 31. a4 e4 32. f4 e3 33.
Bxe3 Bxg2 34. Ra1 Bb7 35. Kf2 Re4 36. c5 bxc5 37. Bxc5 Rc4 38. Bd4 a5 39. Bb6 Bc6 40. Bxa5 Rxa4 41. Rxa4 Bxa4 42. Bb4 g6 43. Bf8 h5 44.
Be7 f5 45. Ke3 Kd7 46. Ba3 Kc6 47. Kd4 Bd1 48. Ke5 Bg4 49. Kf6 Kb5 50. Kxg6 Kc4 51.
Bb4 Kd5 52. Kf6 Kc4 53. Ke5 Bh3 54. Ba5 Bg4 55. Bb4 Bh3 56. Ba5 Bg4 57. Bb4 1/2-1/2

[Event "Early-Titled-Tuesday-Blitz-February-20-2024"]
[Site "Chess.com"]
[Date "2024.02.20"]
[Round "9"]
[White "Salem-AR"]
[Black "NewBornNow"]
[Result "1-0"]
[WhiteElo "2984"]
[BlackElo "2796"]
[TimeControl "180+1"]
[EndTime "9:47:37 PST"]
[Termination "Salem-AR won by resignation"]

1. d4 d6 2. Nf3 Nf6 3. Nc3 Nbd7 4. g3 g6 5. Bg2 Bg7 6. O-O O-O 7. e4 e5 8. h3 c6 9. a4 a5 10. Re1 Re8 11. Be3 exd4 12. Nxd4 Nc5 13. Bf4 Nh5 14. Bc1 Na6 15. Nb3 Nb4 16. g4 Nf6 17. f4 h5 18. g5 Nh7 19. Ne2 d5 20. e5 Nf8 21.
Be3 b6 22. c3 Na6 23. Nbd4 Bb7 24. h4 Nc5 25. Ng3 Nfe6 26. f5 Bxe5 27. fxe6 fxe6 28. Bf2 Qc7 29. Qc2 Kg7 30. Rxe5 Qxe5 31. Ndf5+ Kh7 32. Bd4 Qc7 33. Nxh5 gxf5 34. Nf6+ Kg6 35.
Rf1 Rh8 36. Qf2 Ne4 37. Bxe4 dxe4 38. h5+ Kf7 39. g6+ Ke7 40. Qh4 Kf8 41. Nxe4 Qd8 42.
Ng5 c5 43. Nxe6+ Kg8 44. Nxd8 1-0